 Dungeon Crawl Stone Soup version 0.29.1-2-gbd0b4ee654 (webtiles) character file.

Game seed: 4353297093176271973

161 Icepheonix32 the Insei (level 4, -5/35 HPs)
             Began as a Demigod Transmuter on Nov 4, 2022.
             Killed by nerve-wracking pain
             ... invoked by an orc priest
              (6 damage)
             ... on level 4 of the Dungeon.
             The game lasted 00:03:50 (3574 turns).

Icepheonix32 the Insei (Demigod Transmuter)         Turns: 3574, Time: 00:03:51

Health: -5/35      AC:  3    Str: 11    XL:     4   Next: 98%
Magic:  9/10       EV: 12    Int: 19    God:
Gold:   222        SH:  0    Dex: 14    Spells: 6/7 levels left

rFire   . . .      SeeInvis .     - Unarmed
rCold   . . .      Faith    .   (no shield)
rNeg    . . .      Spirit   .   a - +1 robe
rPois   .          Reflect  .   (helmet currently unavailable)
rElec   .          Harm     .   (no cloak)
rCorr   .          Rampage  .   (no gloves)
Will    .....                   (boots currently unavailable)
Stlth   +.........              (no amulet)
HPRegen 0.11/turn               (no ring)
MPRegen 0.12/turn               (no ring)

@: appendages
A: horns 2, talons 2, high MP 1, forlorn, divine attributes
a: End Transformation


You were on level 4 of the Dungeon.
You had temporarily grown beastly horns and talons.
You visited 1 branch of the dungeon, and saw 4 of its levels.

You collected 222 gold pieces.

Inventory:

Armour
 a - a +1 robe (worn)
Wands
 p - a wand of polymorph (8)
Scrolls
 c - a scroll of noise
 d - a scroll of vulnerability {unknown}
 f - a scroll of fear
 j - 2 scrolls of silence
 n - a scroll of fog
 q - a scroll of magic mapping {unknown}
 r - a scroll of teleportation {unknown}
 s - a scroll of enchant weapon {unknown}
 t - a scroll of enchant armour
Potions
 b - a potion of lignification
 e - 3 potions of degeneration
 g - a potion of haste {unknown}
 h - a potion of mutation {unknown}
 k - a potion of curing
 l - a potion of attraction


   Skills:
 + Level 1.1 Fighting
 + Level 2.3 Dodging
 + Level 0.4 Stealth
 + Level 3.5 Unarmed Combat
 + Level 2.3 Spellcasting
 * Level 3.4 Transmutations


You had 6 spell levels left.
You knew the following spells:

 Your Spells              Type           Power      Damage    Failure   Level
a - Beastly Appendage     Tmut           30%        N/A       4%          1

Your spell library contained the following spells:

 Spells                   Type           Power      Damage    Failure   Level
 Wereblood                Tmut           15%        N/A       6%          2
 Necrotise                Necr           8%         1d4       16%         1
 Blink                    Tloc           4%         N/A       24%         2
 Spider Form              Tmut/Pois      8%         N/A       24%         3
 Portal Projectile        Hex/Tloc       4%         N/A       43%         3
 Tukima's Dance           Hex            2%         N/A       43%         3
 Vampiric Draining        Necr           2%         2d6       43%         3
 Ice Form                 Ice/Tmut       8%         N/A       63%         4
 Blade Hands              Tmut           7%         N/A       73%         5
 Agony                    Necr           2%         N/A       99%         5
 Manifold Assault         Tloc           2%         N/A       99%         5
 Dispersal                Tloc           1%         N/A       100%        6
 Storm Form               Tmut/Air       4%         N/A       100%        7
 Disjunction              Tloc           1%         N/A       100%        8


Dungeon Overview and Level Annotations

Branches:
Dungeon (4/15)             Temple (0/1) D:4

Annotations:
D:3 3 runed translucent doors, Dillybarz's ghost, amateur OpBr


Innate Abilities, Weirdness & Mutations

You have temporarily grown beastly horns and talons.
You have an increased reservoir of magic. (+10% MP)
You shall have no god before yourself.
Your divine heritage dramatically boosts your attributes as you level up.


Message History

You see here a +0 war axe.
A ball python is nearby!
An orc priest comes into view. It is wielding a +0 dagger.
Found a staircase to the Ecumenical Temple.
The orc priest shouts!
The ball python hisses angrily.
You hear a shout!
A giant cockroach comes into view.
The ball python bites you. The ball python closely misses you.
You extend your transformation's duration.
The orc priest calls down the wrath of Beogh upon you.
Beogh smites you! The ball python barely misses you. The ball python grabs you.
The ball python constricts you.
You barely miss the ball python. You claw the ball python.
Your headbutt misses the ball python.
The ball python is severely wounded.
The orc priest calls down the wrath of Beogh upon you.
Beogh smites you! The ball python barely misses you.
The ball python constricts you.
You are too injured to fight recklessly!
You are too injured to fight recklessly!
You are too injured to fight recklessly!
Unknown command.
You are too injured to fight recklessly!
You are too injured to fight recklessly!
Unknown command.
Unknown command.
You hit the ball python.
You kill the ball python!
A kobold comes into view. It is wielding a +0 club.
You hit the orc priest. Your kick misses the orc priest.
The orc priest is lightly wounded.
The orc priest mumbles some strange prayers to Beogh against you.
Beogh smites you!
* * * LOW HITPOINT WARNING * * *
You closely miss the orc priest.
The orc priest is lightly wounded.
The kobold hits you with a +0 club.
* * * LOW HITPOINT WARNING * * *
The orc priest mumbles some strange prayers to Beogh against you.
Pain shoots through your body!
You die...

###### .....# ### .#
####.## #.. #. #...# #.#
.. ###...### #.# .#
#.......#####.# ..#
....(......##.####.####.
#.......##.##....B..!...
###...####...).K@o...>..
#...# ####..###.####.
##.## #..# .# #.. ......
.. #### #######. .. ..
#. #


You could see an orc priest, a giant cockroach and a kobold.

Vanquished Creatures
  An orc priest (D:3)
  5 adders
  4 worms
  8 orcs
  8 bats
  7 endoplasms
  4 giant cockroaches
  7 goblins
  4 hobgoblins
  3 jackals (D:1)
  5 kobolds
  2 ball pythons
  A frilled lizard (D:3)
  7 rats
66 creatures vanquished.

Notes
Turn   | Place    | Note
-------+----------+-------------------------------------------
     0 | D:1      | Icepheonix32 the Demigod Transmuter began the quest for the
                  | Orb.
     0 | D:1      | Reached XP level 1. HP: 15/15 MP: 5/5
   492 | D:1      | Reached XP level 2. HP: 21/22 MP: 5/7
  1194 | D:2      | Reached XP level 3. HP: 26/27 MP: 6/8
  2083 | D:2      | You fall into a shaft and drop 1 floor!
  2240 | D:3      | Reached XP level 4. HP: 32/34 MP: 10/10
  2355 | D:3      | Reached skill level 1 in Fighting
  2778 | D:3      | Found a runed translucent gate.
  2778 | D:3      | Noticed Dillybarz's ghost (amateur OpBr)
  2903 | D:3      | Found a runed translucent gate.
  2903 | D:3      | Found a runed translucent gate.
  2904 | D:3      | Noticed a kobold brigand
  3293 | D:3      | Noticed a green death
  3567 | D:4      | Found a staircase to the Ecumenical Temple.
  3574 | D:4      | HP: 1/35 [kobold/+0 club (2)]
  3574 | D:4      | Killed from afar by an orc priest

Illustrated notes

Levels and vault maps discovered:
D:1:      lemuel_arrival_broad_hall, layout_basic,
          hellmonk_ecumenical_altar_the_god_not_taken, minmay_misc_feat_columns,
          minmay_misc_feat_doors, minmay_misc_feat_rugged, hex_medium,
          minmay_quantized
D:2:      kb_forest_paths, layout_loops_ring, basic_altar
D:3:      layout_loops_ring, makhleb_altar_promises_db,
          gammafunk_ghost_nasty_kobolds
D:4:      layout_loops_ring, minmay_temple_entry_proselytizer,
          minmay_fractal_squares_gapless_5, uniq_pikel

Skill      XL: |  1  2  3  4 |
---------------+-------------+-----
Transmutations | 2 3 |  3.4
Dodging        | 2 |  2.3
Spellcasting   | 2 |  2.3
Unarmed Combat | 3 |  3.5
Fighting       | 1 |  1.1
Stealth        | |  0.4

Action                   |  1- 3 |  4- 6 || total
-------------------------+-------+-------++-------
Melee: Unarmed           |    97 |    76 ||   173
       Headbutt          |    13 |    11 ||    24
       Kick              |    17 |    28 ||    45
       Punch             |     4 |     2 ||     6
 Cast: Beastly Appendage |    30 |    18 ||    48
  Use: Scroll            |     6 |     3 ||     9
       Potion            |     1 |     2 ||     3
 Stab: Sleeping          |     2 |     3 ||     5
Armor: Robe              |    20 |    14 ||    34
Dodge: Dodged            |    64 |    31 ||    95
